 Dungeon Crawl Stone Soup version 0.31.0-12-g77e489cdc1 (webtiles) character file.

Game seed: 16718833293728329444

713 sking99 the Chiller (level 8, 0/48 HPs)
             Began as a Kobold Ice Elementalist on Feb 21, 2024.
             Slain by a phantom (7 damage)
             ... on level 4 of the Dungeon.
             The game lasted 00:10:21 (3998 turns).

sking99 the Chiller (Kobold Ice Elementalist)       Turns: 3998, Time: 00:10:21

Health: 0/48       AC:  2    Str:  8    XL:     8   Next: 1%
Magic:  13/13      EV: 15    Int: 16    God:
Gold:   194        SH:  0    Dex: 15    Spells: 4/14 levels left

rFire   . . .        p - +3 dagger
rCold   . . .        (no shield)
rNeg    . . .        a - +0 robe
rPois   .            (no helmet)
rElec   .            (no cloak)
rCorr   .            (no gloves)
SInv    .            (no boots)
Will    .....        (no amulet)
Stlth   ++++         (no ring)
HPRegen 0.28/turn    (no ring)
MPRegen 0.13/turn

%: no passive effects
@: freezing walls
A: small, no large weapons, nightstalker 3
a: no special abilities


You were on level 4 of the Dungeon.
You visited 1 branch of the dungeon, and saw 4 of its levels.

You collected 194 gold pieces.

Inventory:

Hand Weapons
 g - a +1 dagger of pain
 p - a +3 dagger (weapon)
Armour
 a - a +0 robe (worn)
Jewellery
 n - a ring of flight
Talismans
 d - a beast talisman
Scrolls
 e - 4 scrolls of identify {unknown}
 h - a scroll of revelation {unknown}
 l - a scroll of teleportation {unknown}
 m - a scroll of enchant weapon {unknown}
Potions
 c - a potion of invisibility {unknown}
 f - a potion of degeneration {unknown}
 i - a potion of attraction {unknown}
 j - a potion of cancellation {unknown}
 k - 2 potions of mutation {unknown}
 o - a potion of curing {unknown}
 q - a potion of berserk rage {unknown}


   Skills:
 + Level 3.6 Fighting
 + Level 1.0 Short Blades
 - Level 2.4 Dodging
 - Level 5.6 Stealth
 - Level 3.6 Spellcasting
 + Level 2.1 Summonings
 * Level 6.5 Ice Magic


You had 4 spell levels left.
You knew the following spells:

 Your Spells              Type           Power      Damage    Failure   Level
a - Freeze                Ice            92%        1d9       1%          1
b - Frozen Ramparts       Ice            46%        1d7       3%          3
c - Ozocubu's Armour      Ice            23%        N/A       3%          3
d - Summon Ice Beast      Ice/Summ       16%        N/A       9%          3

Your spell library contained the following spells:

 Spells                   Type           Power      Damage    Failure   Level
 Apportation              Tloc           4%         N/A       19%         1
 Jinxbite                 Hex            4%         N/A       26%         2
 Alistair's Intoxication  Alch           1%         N/A       99%         5


Dungeon Overview and Level Annotations

Branches:
Dungeon (4/15)
 Temple: D:4-7

Altars:
Qazlal


Innate Abilities, Weirdness & Mutations

You are small and have problems with some larger weapons.
You are completely attuned to the shadows.


Message History

The black bear closely misses you. The phantom hits you!
* * * LOW HITPOINT WARNING * * *
The phantom blinks!
You blink.
An endoplasm comes into view.
Casting: Freeze (safe; 1% risk of failure)
Confirm with . or Enter, or press ? or * to list all spells.
Casting: Frozen Ramparts (dangerous; 4% risk of failure)
Press: ? - help, Dir - look around, f - activate The walls around you are covered in ice.
The endoplasm quivers.
The phantom resists.
The wall freezes the phantom.
The phantom barely misses you.
The wall freezes the endoplasm.
Casting: Frozen Ramparts (dangerous; 4% risk of failure)
Confirm with . or Enter, or press ? or * to list all spells.
Aiming: Freeze (safe; 1% risk of failure)
Press: ? - help, Shift-Dir - straight line, f - black bear
Aim: a black bear (heavily wounded)
You freeze the black bear.
The black bear is severely wounded.
The wall freezes the black bear!
The black bear goes berserk!
The phantom completely resists.
The wall freezes the phantom but does no damage.
The phantom closely misses you.
The wall freezes the endoplasm.
Casting: Freeze (safe; 1% risk of failure)
Confirm with . or Enter, or press ? or * to list all spells.
You don't have enough magic to cast this spell.
Unknown command.
You hit the black bear but do no damage.
The black bear is almost dead.
The wall freezes the black bear.
You kill the black bear!
The phantom resists.
The wall freezes the phantom.
The phantom closely misses you.
The wall freezes the endoplasm but does no damage.
Your Short Blades skill increases to level 1!
Your Summonings skill increases to level 2!
You have reached level 8!
Magic courses through your body.
The phantom resists.
The wall freezes the phantom.
The phantom hits you!
You die...

.......' ...../.#
......)# .........#
..$......#.
.........#.#
#............#######
#.##..>.....ยง.......
#JW@Y........Y......
####...###..##.#####
....# #.. #.# #..
...... .. #.# #.#
.... ..# #(# #.#
######.# #......#
######.#


You could see a phantom (ally target), an endoplasm and a friendly ice beast
(summoned).

Vanquished Creatures
  Sigmund (D:2)
  A black bear (D:4)
  An ogre (D:4)
  A phantom (D:4)
  A scorpion (D:3)
  An orc priest (D:4)
  2 orc wizards (D:4)
  Robin (D:1)
  3 adders (D:2)
  3 gnolls
  2 dart slugs
  2 ribbon worms
  10 orcs
  5 bats
  5 endoplasms
  4 giant cockroaches
  15 goblins
  6 hobgoblins
  7 kobolds
  4 quokkas
  5 ball pythons
  3 frilled lizards
  6 rats
89 creatures vanquished.

Notes
Turn   | Place    | Note
-------+----------+-------------------------------------------
     0 | D:1      | sking99 the Kobold Ice Elementalist began the quest for the
                  | Orb.
     0 | D:1      | Reached XP level 1. HP: 10/10 MP: 3/3
   171 | D:1      | Reached XP level 2. HP: 16/16 MP: 1/5
   982 | D:1      | Reached XP level 3. HP: 20/20 MP: 4/6
  1006 | D:1      | Learned a level 3 spell: Frozen Ramparts
  1012 | D:2      | Reached skill level 1 in Fighting
  1048 | D:2      | Noticed Robin
  1174 | D:1      | Killed Robin
  1238 | D:2      | Learned a level 3 spell: Ozocubu's Armour
  1290 | D:2      | Noticed Sigmund
  1348 | D:2      | Reached XP level 4. HP: 18/25 MP: 5/7
  1815 | D:2      | Killed Sigmund
  1816 | D:2      | Reached skill level 5 in Ice Magic
  1816 | D:2      | Reached XP level 5. HP: 6/31 MP: 0/10
  1816 | D:2      | Reached XP level 6. HP: 7/36 MP: 0/11
  1993 | D:2      | Learned a level 3 spell: Summon Ice Beast
  2451 | D:3      | Found a stormy altar of Qazlal.
  2615 | D:3      | Identified the +0 leather armour of the Good {Will+ Regen+}
  3016 | D:4      | Reached skill level 5 in Stealth
  3016 | D:4      | Reached XP level 7. HP: 33/40 MP: 5/12
  3203 | D:4      | Reached skill level 1 in Summonings
  3359 | D:4      | Reached skill level 6 in Ice Magic
  3998 | D:4      | Reached skill level 1 in Short Blades
  3998 | D:4      | Reached XP level 8. HP: 7/48 MP: 0/13
  3998 | D:4      | Slain by a phantom

Illustrated notes

Levels and vault maps discovered:
D:1:      erik_arrival_orb_chamber, layout_basic, serial_bayou,
          serial_bayou_ford_a, serial_bayou_pond_b, serial_bayou_shore_b,
          serial_bayou_pond_c, minmay_tetromino_l2
D:2:      layout_rooms, uniq_robin, uniq_sigmund
D:3:      layout_basic, grunt_qazlal_sundering
D:4:      layout_basic

Skill      XL: |  1  2  3  4  5  6  7 |
---------------+----------------------+-----
Stealth        | 3 4 5 |  5.6
Fighting       | 1 2 3 |  3.6
Spellcasting   | 3 |  3.6
Ice Magic      | 5 6 |  6.5
Summonings     | 2 |  2.1
Short Blades   | 1 |  1.0
Dodging        | |  2.4

Action                     |  1- 3 |  4- 6 |  7- 9 || total
---------------------------+-------+-------+-------++-------
  Melee: Unarmed           |     4 |       |       ||     4
         Dagger            |    15 |    23 |    23 ||    61
   Cast: Freeze            |    38 |    39 |    36 ||   113
         Frozen Ramparts   |     2 |     7 |     8 ||    17
         Ozocubu's Armour  |       |     1 |       ||     1
         Summon Ice Beast  |       |       |     1 ||     1
    Use: Potion            |       |       |     1 ||     1
   Stab: Sleeping          |     3 |    15 |       ||    18
 Armour: Robe              |    30 |    20 |    40 ||    90
  Dodge: Dodged            |    63 |    31 |    41 ||   135
